 Dungeon Crawl Stone Soup version 0.25-a0-663-gace7076f2c (webtiles) character file.

Game seed: 6000817222162053739, levelgen mode: deterministic

1421 grmr the Cleaver (level 8, -7/111 HPs)
             Began as a Minotaur Berserker on Mar 25, 2020.
             Was an Elder of Trog.
             Mangled by a manticore (10 damage)
             ... on level 6 of the Dungeon.
             The game lasted 00:14:32 (5802 turns).

grmr the Cleaver (Minotaur Berserker)               Turns: 5802, Time: 00:14:34

Health: -7/111     AC:  8    Str: 24    XL:     8   Next: 44%
Magic:  7/7        EV: 12    Int:  4    God:    Trog [****..]
Gold:   182        SH:  5    Dex: 10    Spells: 7/7 levels left

rFire    + . .     SeeInvis .   a - +1 hand axe
rCold    . . .     Gourm    .   (no shield)
rNeg     . . .     Faith    .   l - +1 scale mail
rPois    .         Spirit   .   (helmet restricted)
rElec    .         Reflect  +   (no cloak)
rCorr    .         Harm     .   (no gloves)
MR       .....                  (no boots)
Stlth    ..........             i - +5 amulet of reflection
HPRegen  0.28/turn              q - ring of protection from fire
MPRegen  0.10/turn              (no ring)

@: berserking, barbed spikes, very slightly contaminated, invisible, quick
A: retaliatory headbutt, horns 2
a: Berserk, Trog's Hand, Brothers in Arms, Renounce Religion


You were on level 6 of the Dungeon.
You worshipped Trog.
Trog was greatly pleased with you.
You were hungry.

You visited 1 branch of the dungeon, and saw 6 of its levels.
You also visited: Ossuary.

You collected 182 gold pieces.

Inventory:

Hand Weapons
 a - a +1 hand axe (weapon)
Armour
 l - a +1 scale mail (worn)
Jewellery
 g - an uncursed amulet of regeneration
 i - a +5 amulet of reflection (around neck)
 q - a ring of protection from fire (left hand)
Scrolls
 b - a scroll of immolation
 d - a scroll of magic mapping {unknown}
 h - 4 scrolls of remove curse
 j - 4 scrolls of amnesia
 m - a scroll of fear {unknown}
 p - a scroll of enchant armour
 v - a scroll of enchant weapon
 w - 2 scrolls of fog
 x - 2 scrolls of teleportation
Potions
 e - a potion of haste {unknown}
 k - 2 potions of berserk rage
 o - a potion of resistance
 r - 2 potions of lignification
 s - a potion of might {unknown}
 t - 2 potions of curing {unknown}
 u - a potion of ambrosia {unknown}
 A - a potion of flight {unknown}
 B - a potion of brilliance {unknown}
Comestibles
 c - 11 rations
 z - a chunk of flesh


   Skills:
 * Level 8.1 Fighting
 * Level 8.1 Axes
 + Level 5.6 Armour
 + Level 5.1 Dodging


You had 7 spell levels left.
You didn't know any spells.
Your spell library was empty.

Dungeon Overview and Level Annotations

Branches:
Dungeon (6/15)             Temple (0/1) D:4         Ossuary (visited)

Altars:
Qazlal

Annotations:
D:3 3 runed translucent doors, MisterT's ghost, amateur KoHu; StormphoenixUK's ghost, amateur GrFi; TheNamelessOne's ghost, amateur OpSu
D:5 2 runed translucent doors, ipx's ghost, amateur HOFi


Innate Abilities, Weirdness & Mutations

You reflexively headbutt those who attack you in melee.
You have a pair of horns on your head.


Message History

The manticore is moderately wounded.
The manticore barely misses you. The manticore claws you.
The manticore closely misses you.
Your scale mail prevents you from hitting the manticore.
Your headbutt misses the manticore.
The manticore is moderately wounded.
The manticore barely misses you. The manticore closely misses you. x2
You hit the manticore but do no damage. You headbutt the manticore.
The manticore is moderately wounded.
The manticore bites you!
* * * LOW HITPOINT WARNING * * *
The manticore misses you. The manticore claws you!
* * * LOW HITPOINT WARNING * * *
A red film seems to cover your vision as you go berserk!
You feel yourself moving faster!
You feel mighty!
You are feeling hungry.
The manticore bites you.
* * * LOW HITPOINT WARNING * * *
The manticore claws you!
You die...

##.(.## #...#.......#......##....
#.....###..###.#..###.....##.....
.......##......######....####..(.
##..........#......##.<...###.)..
###........#..............##...#
##..#..........########..#..(##
#...##........###...≈≈##...#...
##...###..#####≈≈.####.##..#...
#....#.#.##..H@≈##+ ##.####..#
#........#..##### #.# #..#
###......## #.....#.#####..
#.......# #P≈.P≈#.##.....
##.......#.....#?P.P[#≈#...##.
#..##....#.P.≈P#≈?...#≈######.
###.###....#...P[#≈≈≈≈≈#≈#####..
##...#......#[≈$≈.##≈;≈##≈#......
#...........#≈≈?≈≈######.##......


You could see a manticore.

Vanquished Creatures
  A wraith (Ossuary)
  A water moccasin (D:5)
  An ice beast (D:6)
  A sky beast (D:5)
  An ogre (D:4)
  A centaur (D:6)
  A howler monkey (D:5)
  4 crimson imps
  A hound (D:6)
  2 jellies (D:5)
  2 orc wizards
  2 bullfrog skeletons (D:5)
  2 iguanas (D:4)
  4 worker ants
  2 mummies
  2 worker ant zombies
  9 adders
  3 shadow imps
  3 oozes
  An adder skeleton (D:4)
  2 worms
  3 dart slugs
  2 leopard geckos
  12 orcs
  2 ball pythons
  5 giant cockroaches
  10 goblins
  5 hobgoblins
  4 jackals (D:4)
  6 kobolds
  2 quokkas (D:2)
  5 bats
  2 frilled lizards
  6 gnoll skeletons (Ossuary)
  2 goblin zombies (D:5)
  A jackal zombie (D:5)
  5 kobold skeletons (Ossuary)
  13 orc skeletons (Ossuary)
  3 rats
134 creatures vanquished.

Vanquished Creatures (others)
  An orc (D:4)
1 creature vanquished.

Grand Total: 135 creatures vanquished

Notes
Turn   | Place    | Note
-------+----------+-------------------------------------------
     0 | D:1      | grmr the Minotaur Berserker began the quest for the Orb.
     0 | D:1      | Reached XP level 1. HP: 19/19 MP: 0/0
   131 | D:1      | HP: 1/30 [something (1)]
   474 | D:1      | Reached XP level 2. HP: 25/27 MP: 1/1
  1255 | D:2      | Reached XP level 3. HP: 22/33 MP: 2/2
  1327 | D:2      | Found a stormy altar of Qazlal.
  2337 | D:3      | Reached XP level 4. HP: 41/41 MP: 3/3
  2402 | D:3      | Reached ** piety under Trog
  2518 | D:3      | Found a runed translucent gate.
  2518 | D:3      | Found a runed translucent gate.
  2518 | D:3      | Noticed StormphoenixUK's ghost (amateur GrFi)
  2519 | D:3      | Found a runed translucent gate.
  2793 | D:3      | Noticed TheNamelessOne's ghost (amateur OpSu)
  2794 | D:3      | Noticed MisterT's ghost (amateur KoHu)
  3040 | D:4      | Found a staircase to the Ecumenical Temple.
  3062 | D:4      | Reached skill level 5 in Axes
  3062 | D:4      | Reached XP level 5. HP: 47/47 MP: 4/4
  3104 | D:4      | Reached skill level 5 in Fighting
  3218 | D:4      | Noticed an ogre
  3225 | D:4      | Killed an ogre
  3225 | D:4      | Reached XP level 6. HP: 52/56 MP: 5/5
  3618 | D:5      | Entered Level 5 of the Dungeon
  3849 | D:5      | Reached *** piety under Trog
  3855 | D:5      | Reached XP level 7. HP: 60/63 MP: 6/6
  4059 | D:5      | Found a sand-covered staircase.
  4067 | Ossuary  | Entered an ossuary
  4067 | Ossuary  | Noticed a wraith
  4067 | Ossuary  | Noticed a wraith
  4067 | Ossuary  | Noticed a wraith
  4193 | Ossuary  | Noticed a wraith
  4214 | Ossuary  | Killed a wraith
  4214 | Ossuary  | Reached skill level 5 in Armour
  4214 | Ossuary  | Reached XP level 8. HP: 73/73 MP: 7/7
  4361 | Ossuary  | Reached **** piety under Trog
  4486 | D:5      | Found a large runed translucent door.
  4487 | D:5      | Found a large runed translucent door.
  4490 | D:5      | Noticed ipx's ghost (amateur HOFi)
  5490 | D:6      | Reached skill level 5 in Dodging
  5791 | D:6      | Noticed a manticore
  5802 | D:6      | HP: 3/111 [manticore (5)]
  5802 | D:6      | Mangled by a manticore

Levels and vault maps discovered:
D:1:      dpeg_arrival_castle, layout_basic
D:2:      layout_loops_corners, nicolae_qazlal_general_emergency
D:3:      layout_loops_ring, gammafunk_ghost_cemetery
D:4:      layout_loops_cross, minmay_temple_entry_trees, first_ration
D:5:      layout_layer_cave, ebering_ghost_disaster_area,
          nicolae_ossuary_entry_giza, kennysheep_windowed_goal
D:6:      cheibrodos_two_vegetables, layout_cave_pools

Skill      XL: |  1  2  3  4  5  6  7  8 |
---------------+-------------------------+-----
Axes           | 4 5 6 7 8 |  8.1
Fighting       | 4 5 6 7 8 |  8.1
Armour         | 3 4 5 |  5.6
Dodging        | 3 4 5 |  5.1

Action                   |  1- 3 |  4- 6 |  7- 9 || total
-------------------------+-------+-------+-------++-------
Melee: Hand axe          |    78 |   125 |   162 ||   365
       Headbutt          |    11 |    21 |    34 ||    66
Invok: Berserk           |     1 |       |     2 ||     3
       Trog's Hand       |       |       |     1 ||     1
  Use: Scroll            |     6 |     2 |     7 ||    15
       Potion            |       |       |     2 ||     2
  Eat: Chunk             |     5 |     4 |     2 ||    11
       Ration            |       |     1 |     1 ||     2
Armor: Animal skin       |    15 |     2 |       ||    17
       Scale mail        |       |    44 |    40 ||    84
Dodge: Dodged            |    35 |    61 |    81 ||   177
Block: Other             |     3 |    22 |    33 ||    58
       Reflection        |       |     1 |     2 ||     3

Table legend:
 A = Non-vault XP
 B = Vault XP
 C = Vault XP percentage of total XP
 D = Non-vault monster count
 E = Vault monster count
 F = Vault count percentage of total count
                 A         B        C        D         E       F
            +---------+---------+-------+---------+---------+-------
      Total |    1709 |     321 |  15.8 |     104 |      31 |  23.0
            +---------+---------+-------+---------+---------+-------
        D:1 |      39 |       0 |   0.0 |      18 |       0 |   0.0
        D:2 |      56 |       0 |   0.0 |      15 |       0 |   0.0
        D:3 |      48 |       0 |   0.0 |      17 |       0 |   0.0
        D:4 |     371 |       0 |   0.0 |      21 |       0 |   0.0
        D:5 |     756 |      20 |   2.6 |      21 |       3 |  12.5
        D:6 |     439 |      31 |   6.6 |      12 |       2 |  14.3
    Ossuary |       0 |     270 | 100.0 |       0 |      26 | 100.0
            +---------+---------+-------+---------+---------+-------
